 Dungeon Crawl Stone Soup version 0.27.1-3-gb3d3a73c9e (webtiles) character file.

Game seed: 16136832108435010539

1137 unlimited1921 the Chiller (level 8, -2/58 HPs)
             Began as a Gnoll Ice Elementalist on Oct 20, 2021.
             Was an Initiate of Gozag.
             Slain by a meliai zombie (4 damage)
             ... on level 6 of the Dungeon.
             The game lasted 00:53:15 (8157 turns).

unlimited1921 the Chiller (Gnoll Ice Elementalist)  Turns: 8157, Time: 00:53:16

Health: -2/58      AC: 10    Str: 10    XL:     8   Next: 36%
Magic:  10/17      EV: 16    Int: 15    God:    Gozag
Gold:   30         SH:  0    Dex: 16    Spells: 10/19 levels left

rFire    . . .     SeeInvis .   j - +2 hand axe (drain)
rCold    . . .     Faith    .   (no shield)
rNeg     . . .     Spirit   .   D - +1 ring mail of Kifueng {Rampage *Slow rPois Dex+4}
rPois    +         Reflect  .   s - +0 helmet
rElec    .         Harm     .   c - +0 cloak
rCorr    .         Rampage  +   G - +0 pair of gloves
Will     .....                  (no boots)
Stlth    ++........             d - amulet of the acrobat
HPRegen  0.19/turn              t - +4 ring of evasion
MPRegen  0.15/turn              (no ring)

@: very slightly contaminated
A: fangs 1, strong nose, distributed training
a: Renounce Religion, Potion Petition, Call Merchant, Bribe Branch


You were on level 6 of the Dungeon.
You worshipped Gozag.
Gozag was noncommittal.
You visited 1 branch of the dungeon, and saw 6 of its levels.

You collected 241 gold pieces.
You spent 144 gold pieces at shops.
You paid 67 gold pieces to Gozag.

Inventory:

Hand Weapons
 j - a +2 hand axe of draining (weapon)
 y - a +1 flail of protection
 L - a +0 club
Missiles
 e - 24 arrows
 h - 36 bolts
 o - 4 javelins
 q - 55 poisoned darts (quivered)
Armour
 a - a +0 robe
 b - a +0 ring mail
 c - a +0 cloak (worn)
 i - a +0 leather armour
 n - a +0 helmet
 s - a +0 helmet (worn)
 z - a scarf of shadows
 A - a +0 scale mail
 D - the +1 ring mail of Kifueng (worn) {Rampage *Slow rPois Dex+4}
   (You found it on level 5 of the Dungeon)

   Dex:       It affects your dexterity (+4).
   rPois:     It protects you from poison.
   *Slow:     It may slow you when you take damage.
   Rampage:   It bestows one free step when moving towards enemies.
 G - a +0 pair of gloves (worn)
Magical Staves
 f - a staff of cold
Jewellery
 d - an amulet of the acrobat (around neck)
 t - a +4 ring of evasion (left hand)
 F - an amulet of faith
Wands
 K - a wand of flame (12)
Scrolls
 g - a scroll of enchant weapon {unknown}
 l - a scroll of summoning
 m - 2 scrolls of magic mapping
 v - a scroll of blinking {unknown}
 w - 2 scrolls of identify {unknown}
 B - 2 scrolls of teleportation {unknown}
 E - a scroll of immolation {unknown}
 H - 2 scrolls of enchant armour {unknown}
 I - a scroll of fog {unknown}
 J - a scroll of noise {unknown}
Potions
 k - a potion of might {unknown}
 p - a potion of attraction {unknown}
 r - 2 potions of resistance {unknown}
 u - a potion of invisibility {unknown}
 x - a potion of haste {unknown}
 C - 2 potions of curing {unknown}


   Skills:
 + Level 3.2 Fighting
 + Level 3.2 Short Blades
 + Level 3.2 Long Blades
 + Level 3.2 Axes
 + Level 3.2 Maces & Flails
 + Level 3.2 Polearms
 + Level 3.2 Staves
 + Level 3.2 Slings
 + Level 3.2 Bows
 + Level 3.2 Crossbows
 + Level 3.2 Throwing
 + Level 3.2 Armour
 + Level 5.6 Dodging
 + Level 5.3 Stealth
 + Level 3.2 Shields
 + Level 3.2 Unarmed Combat
 + Level 6.0 Spellcasting
 + Level 2.6 Conjurations
 + Level 2.6 Hexes
 + Level 2.6 Summonings
 + Level 2.6 Necromancy
 + Level 2.6 Translocations
 + Level 2.6 Transmutations
 + Level 2.6 Fire Magic
 + Level 7.6 Ice Magic
 + Level 2.6 Air Magic
 + Level 2.6 Earth Magic
 + Level 2.6 Poison Magic
 + Level 3.5 Invocations
 + Level 3.2 Evocations


You had 10 spell levels left.
You knew the following spells:

 Your Spells              Type           Power      Damage    Failure   Level
a - Freeze                Ice            100%       1d11      1%          1
b - Ozocubu's Armour      Ice            27%        N/A       4%          3
c - Magic Dart            Conj           48%        1d5       12%         1
d - Call Imp              Summ           12%        N/A       19%         2
e - Slow                  Hex            12%        N/A       19%         2

Your spell library contained the following spells:

 Spells                   Type           Power      Damage    Failure   Level
 Frozen Ramparts          Ice            54%        1d7       4%          3
 Confusing Touch          Hex            12%        N/A       36%         3
 Conjure Flame            Conj/Fire      12%        6-21      36%         3
 Ignite Poison            Fire/Tmut/Pois 12%        N/A       36%         3
 Mephitic Cloud           Conj/Pois/Air  12%        N/A       36%         3
 Hailstorm                Conj/Ice       19%        3d6       41%         4
 Sticky Flame             Conj/Fire      12%        2d4       77%         4
 Yara's Violent Unravell  Hex/Tmut       6%         3d5       98%         5


Dungeon Overview and Level Annotations

Branches:
Dungeon (6/15)             Temple (0/1) D:6

Altars:
Dithmenos
Fedhas
Gozag
Makhleb
Ru
Trog
Beogh

Shops:
D:3 [   D:5 *

Annotations:
D:4 3 runed translucent doors, pkoi's ghost, amateur TrFi


Innate Abilities, Weirdness & Mutations

You have very sharp teeth.
Your uncanny sense of smell can sniff out nearby items.
Your experience applies equally to all skills.


Message History

Your white imp gestures at the meliai zombie.
The puff of frost hits the meliai zombie.
The meliai zombie resists.
The meliai zombie completely misses you. x2
The meliai zombie misses you. x2
Your crimson imp blinks!
Your shadow imp hits the meliai zombie.
The meliai zombie hits you.
* * * LOW HITPOINT WARNING * * *
The meliai zombie completely misses you.
The meliai zombie completely misses you.
The meliai zombie barely misses you.
Casting: Call Imp (safe; 19% risk of failure)
Confirm with . or Enter, or press ? or * to list all spells.
You miscast Call Imp.
You are very lightly contaminated with residual magic.
Nothing appears to happen.
The meliai zombie barely misses you.
The meliai zombie completely misses you.
The meliai zombie hits you but does no damage. x2
The meliai zombie completely misses you.
The meliai zombie hits you!
* * * LOW HITPOINT WARNING * * *
The phantom barely misses you.
You swap places.
The meliai zombie hits your crimson imp but does no damage.
The meliai zombie hits your crimson imp.
Your shadow imp hits the meliai zombie.
Your crimson imp hits the meliai zombie.
The meliai zombie hits your crimson imp!
The meliai zombie hits your crimson imp.
Your crimson imp dies!
The phantom completely misses you.
Your shadow imp hits the meliai zombie.
The phantom barely misses you.
Your white imp disappears in a puff of smoke!
The meliai zombie closely misses you. The meliai zombie hits you.
* * * LOW HITPOINT WARNING * * *
Casting: Call Imp (safe; 19% risk of failure)
Confirm with . or Enter, or press ? or * to list all spells.
You miscast Call Imp.
Nothing appears to happen.
The meliai zombie hits you.
You die...
Your body crumbles into a pile of gold.

###### ##### #....#
#...#
##....#####...####
#...(.............
#.....#####5....[.
#@....# #.......
#ZW...#####.$.....
#.....##...$5.$$..
#.....##.##.......
#5#...............
#.#.....##...##...
###.#..(#.##...##...
#..ยง................
#.###...#....>.....#


You could see a phantom, a meliai zombie (ally target) and a friendly shadow imp
(summoned).

Vanquished Creatures
  Sigmund (D:3)
  Eustachio (D:5)
  A necrophage (D:4)
  An ogre (D:4)
  A water moccasin zombie (D:5)
  2 scorpions
  A howler monkey (D:6)
  A centaur zombie (D:5)
  A crimson imp (D:5)
  2 jellies
  An orc priest (D:5)
  A bullfrog skeleton (D:6)
  An iguana (D:5)
  An orc wizard (D:3)
  Robin (D:3)
  A gnoll (D:1)
  2 adders
  An ufetubus (D:5)
  A worm (D:2)
  2 dart slugs (D:2)
  11 orcs
  7 ball pythons
  7 endoplasms
  5 giant cockroaches
  14 goblins
  10 hobgoblins
  2 jackals (D:4)
  5 kobolds
  8 quokkas
  8 bats
  4 frilled lizards
  7 rats
112 creatures vanquished.

Vanquished Creatures (collateral kills)
  The ghost of Whoops the Slasher, an amateur DjFi (D:3)
  A bat (D:3)
2 creatures vanquished.

Vanquished Creatures (others)
  7 plants (D:5)
7 creatures vanquished.

Grand Total: 121 creatures vanquished

Notes
Turn   | Place    | Note
-------+----------+-------------------------------------------
     0 | D:1      | unlimited1921 the Gnoll Ice Elementalist began the quest
                  | for the Orb.
     0 | D:1      | Reached XP level 1. HP: 13/13 MP: 6/6
   418 | D:1      | Reached XP level 2. HP: 17/19 MP: 4/7
   853 | D:1      | Reached XP level 3. HP: 22/25 MP: 6/9
  1060 | D:1      | Reached skill level 5 in Spellcasting
  1993 | D:2      | Reached skill level 1 in Invocations
  2451 | D:2      | Reached skill level 1 in Fighting
  2451 | D:2      | Reached skill level 1 in Short Blades
  2451 | D:2      | Reached skill level 1 in Long Blades
  2451 | D:2      | Reached skill level 1 in Axes
  2451 | D:2      | Reached skill level 1 in Maces & Flails
  2451 | D:2      | Reached skill level 1 in Polearms
  2451 | D:2      | Reached skill level 1 in Staves
  2451 | D:2      | Reached skill level 1 in Slings
  2451 | D:2      | Reached skill level 1 in Bows
  2451 | D:2      | Reached skill level 1 in Crossbows
  2451 | D:2      | Reached skill level 1 in Throwing
  2451 | D:2      | Reached skill level 1 in Armour
  2451 | D:2      | Reached skill level 1 in Shields
  2451 | D:2      | Reached skill level 1 in Unarmed Combat
  2451 | D:2      | Reached skill level 1 in Evocations
  3229 | D:2      | Found a blossoming altar of Fedhas.
  3340 | D:2      | Reached XP level 4. HP: 32/32 MP: 11/11
  3545 | D:3      | Noticed Robin
  3562 | D:3      | Killed Robin
  3634 | D:3      | Learned a level 3 spell: Ozocubu's Armour
  3636 | D:3      | Learned a level 1 spell: Magic Dart
  3639 | D:3      | Learned a level 2 spell: Call Imp
  3672 | D:3      | Reached skill level 1 in Conjurations
  3672 | D:3      | Reached skill level 1 in Hexes
  3672 | D:3      | Reached skill level 1 in Summonings
  3672 | D:3      | Reached skill level 1 in Necromancy
  3672 | D:3      | Reached skill level 1 in Translocations
  3672 | D:3      | Reached skill level 1 in Transmutations
  3672 | D:3      | Reached skill level 1 in Fire Magic
  3672 | D:3      | Reached skill level 1 in Air Magic
  3672 | D:3      | Reached skill level 1 in Earth Magic
  3672 | D:3      | Reached skill level 1 in Poison Magic
  3678 | D:3      | Noticed Sigmund
  3696 | D:3      | Killed Sigmund
  3697 | D:3      | Reached XP level 5. HP: 21/38 MP: 2/12
  3697 | D:3      | Reached XP level 6. HP: 24/44 MP: 2/13
  4139 | D:3      | Found Agoubu's Armour Shoppe.
  4156 | D:3      | Found a sacrificial altar of Ru.
  4247 | D:3      | Found a runed translucent gate.
  4247 | D:3      | Found a runed translucent gate.
  4248 | D:3      | Found a runed translucent gate.
  4261 | D:3      | Noticed Whoops's ghost (amateur DjFi)
  4261 | D:3      | Identified the +2 ring mail of Wariness {Str+6}
  4867 | D:3      | Killed Whoops's ghost
  4868 | D:3      | Reached skill level 5 in Dodging
  5565 | D:3      | Learned a level 2 spell: Slow
  5714 | D:4      | Reached XP level 7. HP: 25/50 MP: 8/15
  6435 | D:4      | Found a runed translucent gate.
  6449 | D:4      | Found a runed translucent gate.
  6451 | D:4      | Found a runed translucent gate.
  6647 | D:4      | Noticed pkoi's ghost (amateur TrFi)
  6683 | D:5      | Entered Level 5 of the Dungeon
  6691 | D:5      | Identified the +1 ring mail of Kifueng {Rampage *Slow rPois
                  | Dex+4}
  6838 | D:5      | Reached skill level 5 in Stealth
  6855 | D:5      | Found Fojutap's Assorted Antiques.
  6887 | D:5      | Noticed Eustachio
  6958 | D:5      | Killed Eustachio
  7107 | D:5      | Bought a scroll labelled NOHITO ZUH ARO for 24 gold pieces
  7107 | D:5      | Bought a blackened golden amulet for 120 gold pieces
  7249 | D:5      | Found an opulent altar of Gozag.
  7255 | D:5      | Reached XP level 8. HP: 53/57 MP: 16/16
  7403 | D:5      | Found a shadowy altar of Dithmenos.
  7627 | D:5      | Found a bloodstained altar of Trog.
  7743 | D:5      | Found a burning altar of Makhleb.
  7886 | D:5      | Became a worshipper of Gozag Ym Sagoz the Greedy
  7945 | D:6      | Found a staircase to the Ecumenical Temple.
  8156 | D:6      | HP: 1/58 [meliai zombie (3)]
  8157 | D:6      | Slain by a meliai zombie

Illustrated notes

Levels and vault maps discovered:
D:1:      wheals_arrival_linesprint, layout_basic, minivault_24, minivault_27
D:2:      layout_rooms, basic_altar, grunt_ministairs_1, serial_bayou_pond_e
D:3:      layout_loops_ring, nicolae_ru_great_annihilating_truth, serial_shops,
          shop, biasface_ghost_orc_armoury, glass_columns_c, serial_park_tiny_1,
          minivault_11, kennysheep_donut, corner_web_ring, uniq_sigmund,
          uniq_robin
D:4:      layout_loops_ring, gammafunk_ghost_split
D:5:      layout_loops_ring, grunt_dithmenos_smoke, makhleb_grotto_becter,
          grunt_gozag_statues, trog_butcher_becter, serial_shops,
          nicolae_shop_overgrown_old_shop, uniq_eustachio
D:6:      layout_basic, minmay_temple_entry_stoned_glass, serial_park_tiny_1

Skill      XL: |  1  2  3  4  5  6  7  8 |
---------------+-------------------------+-----
Spellcasting   | 5 6 |  6.0
Invocations    | 1 2 3 |  3.5
Fighting       | 1 2 3 |  3.2
Short Blades   | 1 2 3 |  3.2
Long Blades    | 1 2 3 |  3.2
Axes           | 1 2 3 |  3.2
Maces & Flails | 1 2 3 |  3.2
Polearms       | 1 2 3 |  3.2
Staves         | 1 2 3 |  3.2
Slings         | 1 2 3 |  3.2
Bows           | 1 2 3 |  3.2
Crossbows      | 1 2 3 |  3.2
Throwing       | 1 2 3 |  3.2
Armour         | 1 2 3 |  3.2
Shields        | 1 2 3 |  3.2
Unarmed Combat | 1 2 3 |  3.2
Evocations     | 1 2 3 |  3.2
Conjurations   | 1 2 |  2.6
Hexes          | 1 2 |  2.6
Summonings     | 1 2 |  2.6
Necromancy     | 1 2 |  2.6
Translocations | 1 2 |  2.6
Transmutations | 1 2 |  2.6
Fire Magic     | 1 2 |  2.6
Air Magic      | 1 2 |  2.6
Earth Magic    | 1 2 |  2.6
Poison Magic   | 1 2 |  2.6
Dodging        | 5 |  5.6
Stealth        | 5 |  5.3
Ice Magic      | |  7.6

Action                   |  1- 3 |  4- 6 |  7- 9 || total
-------------------------+-------+-------+-------++-------
Melee: Spear             |    41 |       |       ||    41
       Hand axe          |     4 |   108 |   180 ||   292
       Bite              |     3 |     7 |    17 ||    27
       Punch             |       |     1 |       ||     1
Throw: Dart              |       |    10 |     6 ||    16
 Cast: Freeze            |    42 |     4 |     5 ||    51
       Call Imp          |       |    11 |    13 ||    24
       Magic Dart        |       |    10 |       ||    10
       Ozocubu's Armour  |       |     2 |     1 ||     3
  Use: Scroll            |       |     1 |     1 ||     2
 Stab: Sleeping          |     3 |     8 |     9 ||    20
       Distracted        |       |     2 |       ||     2
       Paralysed         |       |     1 |       ||     1
Armor: Robe              |    11 |       |       ||    11
       Leather armour    |     3 |    23 |     7 ||    33
       Ring mail         |       |       |    54 ||    54
Dodge: Dodged            |    47 |    93 |   220 ||   360
